Map: Prion Terraces

Players

Soulkey - Winner!

  • Race: Zerg Zerg

Polt

  • Race: Terran Terran

Event: IEM Season 10 - Taipei

VOD

https://www.youtube.com/watch?v=V7ACFWKLBGg

Description

Time

  • Played on: Jan. 31, 2016, 10:18 p.m.
  • Length: 12:24

All games in this series

Show
View Real Time Build Order
Export as new Build Order

Soulkey Zerg - Winner!

Build Orders: Pool First 

Get SALT Encoding   

  12  0:00  Drone  
  13  0:12  Overlord  
  13  0:17  Drone  
  14  0:31  Drone x2  
  14  0:35  Drone  
  17  0:45  Extractor  
  17  0:46  Spawning Pool  
  16  0:50  Drone  
  16  1:11  Hatchery  
  16  1:15  Drone  
  16  1:19  Drone  
  17  1:32  Queen  
  17  1:38  Overlord  
  19  1:47  Metabolic Boost  
  19  1:51  Drone  
  20  1:54  Drone  
  20  1:55  Drone  
  22  2:08  Queen  
  24  2:20  Zergling x2  
  24  2:22  Queen  
  25  2:29  Overlord  
  27  2:31  Zergling x4  
  29  2:39  Zergling x2  
  29  2:40  Zergling x4  
  29  2:41  Zergling x2  
  33  2:57  Drone  
  33  2:58  Drone x4  
  38  3:05  Queen  
  40  3:13  Overlord  
  40  3:16  Drone  
  40  3:17  Drone  
  40  3:18  Drone  
  43  3:26  Zergling x2  
  44  3:37  Drone  
  44  3:43  Zergling x4  
  44  3:44  Zergling x2  
  44  3:46  Hatchery  
  44  3:48  Overlord  
  46  3:52  Drone  
  46  3:53  Drone  
  46  3:54  Drone  
  49  3:58  Overlord  
  49  4:01  Zergling x4  
  51  4:09  Zergling x2  
  54  4:10  Zergling x4  
  54  4:15  Zergling x2  
  54  4:24  Zergling x2  
  54  4:25  Zergling x4  
  54  4:26  Drone x2  
  54  4:28  Drone x3  
  61  4:35  Zergling x2  
  62  4:43  Zergling x2  
  61  4:54  Drone x2  
  61  4:56  Extractor  
  61  4:57  Drone x3, Extractor  
  61  4:58  Drone, Queen  
  67  5:00  Drone x2  
  69  5:07  Drone, Hatchery  
  69  5:08  Drone  
  69  5:09  Drone x2  
  69  5:11  Drone  
  69  5:12  Overlord  
  72  5:27  Drone x2  
  71  5:30  Evolution Chamber x2  
  71  5:32  Lair  
  71  5:33  Drone x2  
  71  5:34  Roach Warren  
  69  5:36  Drone  
  69  5:37  Drone x4  
  74  5:43  Overlord  
  74  5:50  Drone  
  74  5:51  Drone x3  
  78  5:58  Zerg Ground Armor Level 1, Zerg Missile Weapons Level 1  
  78  5:59  Overlord  
  78  6:00  Overlord  
  78  6:08  Drone  
  78  6:09  Overlord  
  78  6:10  Drone  
  78  6:11  Drone x6  
  84  6:16  Drone, Extractor  
  84  6:18  Extractor  
  85  6:25  Overlord  
  85  6:26  Drone x4  
  85  6:29  Extractor  
  88  6:36  Glial Reconstitution, Roach x4  
  96  6:43  Roach x6  
  108  6:47  Overlord  
  108  6:49  Drone x2  
  108  6:50  Drone x2  
  108  6:52  Drone x4  
  116  6:56  Drone x3  
  116  6:57  Drone  
  119  7:03  Drone  
  119  7:05  Infestation Pit  
  119  7:06  Roach x2  
  119  7:07  Roach  
  119  7:08  Ravager x2  
  127  7:09  Overlord x2  
  127  7:10  Zergling x4  
  127  7:15  Extractor  
  128  7:16  Extractor  
  128  7:17  Zergling x12  
  128  7:18  Ravager  
  128  7:19  Ravager x2  
  136  7:23  Hatchery  
  136  7:26  Zergling x6  
  136  7:28  Overlord  
  136  7:29  Overlord  
  123  7:38  Roach  
  123  7:40  Roach x3  
  123  7:41  Roach x3  
  114  7:46  Zergling x2  
  114  7:51  Zergling x8, Roach x2  
  114  7:53  Queen  
  114  7:57  Zerg Ground Armor Level 2  
  120  7:58  Zerg Melee Weapons Level 1  
  120  8:02  Zergling x2, Hive  
  120  8:03  Zergling x14  
  128  8:18  Ravager x5  
  128  8:19  Zergling x4  
  139  8:20  Zergling x8  
  139  8:21  Overseer  
  139  8:26  Hatchery  
  138  8:29  Infestor  
  138  8:31  Zergling x4  
  138  8:32  Zergling x12  
  133  8:36  Infestor  
  134  8:47  Ravager x3  
  137  8:49  Zergling x20  
  147  8:59  Zergling x14  
  147  9:00  Zergling x2  
  155  9:04  Ravager  
  155  9:05  Zergling x2  
  155  9:06  Zergling x8  
  161  9:10  Drone  
  161  9:13  Spine Crawler, Zergling x10  
  161  9:14  Zergling x4  
  161  9:15  Adrenal Glands  
  168  9:18  Ultralisk Cavern  
  166  9:25  Zergling x8  
  166  9:26  Overlord x2  
  166  9:28  Zergling x2  
  166  9:29  Zergling x6  
  171  9:54  Zergling x2  
  171  9:55  Zergling x8  
  177  10:00  Zergling x38  
  184  10:07  Chitinous Plating  
  184  10:10  Queen  
  184  10:13  Roach x2  
  186  10:14  Overlord x2  
  174  10:39  Ultralisk x2  
  174  10:40  Overlord  
  186  10:44  Hatchery  
  186  10:47  Overlord  
  186  10:48  Overlord x2  
  185  10:55  Overlord x2  
  180  11:00  Overlord  
  180  11:01  Hatchery, Pneumatized Carapace  
  179  11:07  Ultralisk  
  179  11:08  Ultralisk x2  
  197  11:12  Spine Crawler  
  197  11:16  Spine Crawler  
  195  11:19  Spine Crawler  
  195  11:21  Ultralisk  
  197  12:00  Zergling x10  
  197  12:01  Zergling x14  
Show
View Real Time Build Order
Export as new Build Order

Polt Terran 

Build Orders: MMM Bio 

Get SALT Encoding   

  12  0:00  SCV  
  13  0:12  SCV  
  14  0:17  Supply Depot  
  14  0:25  SCV  
  15  0:39  SCV  
  15  0:40  Barracks  
  16  0:44  Refinery  
  16  0:51  SCV  
  17  0:58  Barracks  
  17  1:03  SCV  
  18  1:15  Barracks  
  18  1:19  SCV  
  19  1:27  Reaper  
  20  1:33  Refinery  
  20  1:42  Orbital Command  
  20  1:46  Reaper  
  21  1:53  Supply Depot  
  21  2:01  Reaper  
  22  2:10  Reaper  
  22  2:15  SCV  
  24  2:20  Reaper  
  24  2:22  Supply Depot  
  25  2:27  SCV  
  26  2:35  Reaper  
  27  2:39  SCV  
  27  2:42  Reaper  
  29  2:51  SCV  
  29  2:52  Reaper  
  31  3:06  Command Center, SCV  
  31  3:07  Reaper  
  33  3:14  Reaper  
  32  3:20  SCV  
  32  3:24  Reaper  
  34  3:27  Bunker  
  34  3:32  SCV  
  35  3:35  Bunker  
  35  3:46  Reaper x2  
  35  3:47  SCV  
  38  3:54  Supply Depot  
  38  3:57  Reaper  
  39  4:16  SCV  
  40  4:20  Command Center  
  39  4:27  Orbital Command  
  39  4:28  SCV  
  40  4:40  SCV  
  40  4:45  Barracks Tech Lab  
  41  4:47  Barracks Reactor  
  41  4:48  Barracks Reactor  
  41  4:52  SCV x2  
  43  5:00  Barracks  
  43  5:01  Engineering Bay x2, Barracks  
  43  5:04  Stimpack, SCV  
  43  5:05  Marine  
  45  5:08  SCV  
  39  5:29  Marine  
  39  5:30  Marine x4  
  39  5:31  SCV x2  
  39  5:32  Orbital Command  
  39  5:34  Terran Infantry Weapons Level 1  
  39  5:35  Terran Infantry Armor Level 1  
  42  5:43  SCV x2  
  42  5:47  Marine, Barracks Reactor  
  42  5:48  Marauder, Barracks Tech Lab, Marine x3  
  50  5:55  SCV x2  
  50  5:56  Orbital Command  
  52  6:04  Marine  
  52  6:05  Marine x3  
  52  6:06  Combat Shields, Marauder  
  52  6:10  Marauder, Refinery, SCV x2  
  62  6:14  Supply Depot  
  62  6:22  Marine  
  62  6:23  Marine x3  
  66  6:26  SCV x2  
  66  6:28  Marauder  
  66  6:30  Factory  
  66  6:31  Marauder  
  72  6:34  Orbital Command, Marine x2  
  72  6:37  Refinery  
  74  6:40  Supply Depot  
  74  6:47  Marine x4  
  74  6:49  Marauder  
  74  6:51  Marine x2  
  74  6:52  Marauder  
  84  6:59  SCV  
  85  7:02  SCV x2  
  85  7:03  Supply Depot  
  85  7:06  Supply Depot  
  85  7:08  Marine x4  
  87  7:09  Marine x2  
  93  7:16  Armory  
  93  7:23  Starport  
  93  7:24  Factory Reactor, Marine x2  
  89  7:41  Marine x6  
  89  7:43  Marauder x2  
  88  7:51  SCV x3  
  74  8:00  Marine  
  74  8:01  Marine x5  
  74  8:04  Marauder x2  
  84  8:07  Concussive Shells  
  84  8:08  Terran Infantry Weapons Level 2  
  84  8:11  Medivac  
  84  8:12  Medivac  
  88  8:20  SCV  
  88  8:21  Terran Infantry Armor Level 2  
  88  8:25  Marine x4  
  88  8:26  Marauder  
  97  8:27  Marauder  
  97  8:29  Marine x2  
  89  8:35  Widow Mine  
  88  8:43  Marine x4  
  88  8:44  Medivac  
  88  8:46  Medivac  
  88  8:47  Marine x2  
  88  8:48  Marauder x2  
  102  8:49  Supply Depot  
  102  8:51  Supply Depot  
  102  8:56  Supply Depot  
  102  9:01  Marine x4  
  106  9:04  Refinery  
  106  9:05  Marine x2  
  108  9:10  Marauder, Widow Mine  
  108  9:11  Marauder  
  108  9:14  Medivac, Supply Depot  
  108  9:15  Supply Depot x2  
  108  9:16  Medivac  
  118  9:31  Marine x6  
  122  9:32  Marauder x2  
  128  9:42  Barracks  
  128  9:43  Barracks  
  128  9:44  Medivac, Widow Mine, Barracks  
  132  9:46  Medivac  
  133  9:54  Marine  
  133  9:55  Marauder x2, Marine x5  
  143  10:02  Supply Depot  
  143  10:03  Supply Depot  
  131  10:21  Medivac x2  
  131  10:24  Marauder x2, Marine x6  
  142  10:29  Widow Mine, Marine  
  142  10:30  Marine  
  142  10:34  Marine  
  147  10:41  Liberator x2  
  147  10:56  Marine  
  147  10:57  Marauder x2, Marine x8  
  164  11:06  Widow Mine  
  165  11:40  Marauder x2  
  153  11:50  Marine x4  
  153  11:51  Marine x5  
  153  11:53  Orbital Command  
  166  12:01  Marauder x2  

Tags
 
Add a new tag
Caveats
  • Supply blocks, unpowered buildings, or Contaminate may cause inaccurate times.
  • Supply counts are checked every 10 seconds.